 Dungeon Crawl Stone Soup version 0.31-a0-355-g57cb03d3e8 (webtiles) character file.

Game seed: 6724657973843250890

1445 Newt the Changeling (level 8, -17/68 HPs)
             Began as a White Draconian Shapeshifter on July 24, 2023.
             Was an Initiate of Makhleb.
             Demolished by an angel
             ... wielding a +2 whip of holy wrath
             ... created by the Shining One
              (20 damage)
             ... on level 5 of the Dungeon.
             The game lasted 00:07:34 (4389 turns).

Newt the Changeling (White Draconian Shapeshifter)  Turns: 4389, Time: 00:07:34

Health: -17/68     AC:  6    Str: 20    XL:     8   Next: 46%
Magic:  0/8        EV: 18    Int:  9    God:    Makhleb [......]
Gold:   226        SH:  0    Dex: 11    Spells: 7/7 levels left

rFire   + . .        x - +1 demon whip (venom)
rCold   + + .        (no shield)
rNeg    + . .        (body armour unavailable)
rPois   .            (helmet restricted)
rElec   .            w - scarf {rC+ rF+}
rCorr   .            (no gloves)
SInv    .            (no boots)
Will    .....        r - amulet of guardian spirit
Stlth   +            o - ring of positive energy
HPRegen 0.31/turn    q - +5 ring of evasion
MPRegen 0.11/turn

%: guardian spirit
@: short of breath, glowing, very slow
A: breathe frost, AC +6, unfitting armour, cold resistance 1, cold-blooded
a: Breathe Frost, Renounce Religion


You were on level 5 of the Dungeon.
You worshipped Makhleb.
Makhleb was noncommittal.
You visited 2 branches of the dungeon, and saw 6 of its levels.

You collected 251 gold pieces.
You donated 25 gold pieces to Zin.

Inventory:

Hand Weapons
 h - the +4 quarterstaff "Jemiom" {vamp, rC- rN++ rCorr Stlth+}
   (You found it on level 2 of the Dungeon)

   rC:        It makes you vulnerable to cold.
   rN:        It greatly protects you from negative energy.
   rCorr:     It protects you from acid and corrosion.
   Stlth:     It makes you more stealthy.
 j - a +3 dagger of chaos
 x - a +1 demon whip of venom (weapon)
Missiles
 l - 3 boomerangs
 p - 3 javelins
 s - 7 poisoned darts
Armour
 w - a scarf of resistance (worn)
 A - a +3 leather armour of willpower
Jewellery
 g - an amulet of faith
 o - a ring of positive energy (left hand)
 q - a +5 ring of evasion (right hand)
 r - an amulet of guardian spirit (around neck)
 z - a +6 ring of intelligence
 B - an amulet of the acrobat
Talismans
 b - a beast talisman
Wands
 n - a wand of flame (20)
Scrolls
 m - a scroll of brand weapon
 t - 3 scrolls of teleportation
 y - a scroll of identify
 C - a scroll of blinking {unknown}
Potions
 a - 2 potions of lignification
 c - 2 potions of curing
 d - 2 potions of enlightenment
 e - a potion of mutation
 f - a potion of invisibility
 i - a potion of ambrosia
 k - a potion of cancellation
 v - a potion of degeneration {unknown}
 D - a potion of attraction {unknown}
 E - a potion of heal wounds {unknown}
Miscellaneous
 u - a phial of floods (inert)


   Skills:
 - Level 5.0 Fighting
 + Level 2.4(3.5) Maces & Flails
 - Level 4.0(4.3) Staves
 - Level 4.0 Dodging
 - Level 3.0 Unarmed Combat
 - Level 6.5 Shapeshifting


You had 7 spell levels left.
You didn't know any spells.
Your spell library contained the following spells:

 Spells                   Type           Power      Damage    Failure   Level
 Animate Dead             Necr           0%         N/A       99%         4
 Borgnjor's Vile Clutch   Necr/Erth      0%         N/A       100%        5
 Death Channel            Necr           0%         N/A       100%        6


Dungeon Overview and Level Annotations

Branches:
Dungeon (5/15)             Temple (1/1) D:5

Altars:
Cheibriados
Dithmenos
Elyvilon
Fedhas
Gozag
Kikubaaqudgha
Makhleb
Nemelex Xobeh
Okawaru
Qazlal
Sif Muna
Uskayaw
Vehumet
Wu Jian
Xom
Zin
The Shining One

Annotations:
D:4 2 runed translucent doors


Innate Abilities, Weirdness & Mutations

You can breathe waves of freezing cold which knock back foes.
Your icy white scales are hard. (AC +6)
You cannot fit into any form of body armour.
Your flesh is cold resistant. (rC+)
You are cold-blooded and may be slowed by cold attacks.


Message History

Makhleb accepts your kill.
No target in view!
HP restored.
There is a stone staircase leading up here.
The Shining One sends the divine host to punish you for your evil ways!
An angel comes into view. It is wielding a +2 whip of holy wrath.
An angel is nearby!
Unknown command.
Aim the phial where?
Press: ? - help, Shift-Dir - straight line, f - angel
Aim: an angel, wielding a +2 whip of holy wrath and wearing a +0 robe (durably summoned, haloed)
The torrent of water misses the angel.
The wave splashes down.
Splash!
You fall into the shallow water.
Moving in this stuff is going to be slow.
The angel is engulfed in water.
You hear an angry hiss.
Hit: x) +1 demon whip (venom)
Press: ? - help, Dir - move target, f/p - angel
Aim: an angel, wielding a +2 whip of holy wrath and wearing a +0 robe (durably summoned, unaffected by silence, waterlogged, haloed, about 60% to evade your +1 demon whip of venom)
Okay, then.
You miss the angel.
The angel hits you with a +2 whip of holy wrath.
The angel barely misses you.
You barely miss the angel.
The angel hits you with a +2 whip of holy wrath!!
The angel hits you with a +2 whip of holy wrath!
You miss the angel. The angel barely misses you.
The angel hits you with a +2 whip of holy wrath!
The angel hits you with a +2 whip of holy wrath!!
* * * LOW HITPOINT WARNING * * *
The angel hits you with a +2 whip of holy wrath!
* * * LOW HITPOINT WARNING * * *
Unknown command.
Aiming: Breathe Frost (4% risk of failure)
Press: ? - help, Q - select action, (/) - cycle Shift-Dir - straight line, f/p - angel
Aim: an angel, wielding a +2 whip of holy wrath and wearing a +0 robe (durably summoned, unaffected by silence, waterlogged, haloed, 53% to hit)
You exhale a wave of freezing cold.
The freezing breath misses the angel.
The angel hits you with a +2 whip of holy wrath!!
You die...

##.....## ##.....##
#.....<.# ###.......#
#.........###
##.#.........# ##
#.~~.#.....#.# ##.
#.~A######...######).
##.#~@....##...##...[#
#..######.####....####
#.#######.###.........
###.#..†............###)
#.....######..##..#...#.
#....(# ##......##.#.
#.....# ###..#.##.#.
#....##### #.........
#......... .............


You could see an angel (unsilenced, waterlogged).

Vanquished Creatures
  Sigmund (D:4)
  A vampire (D:5)
  A wyvern (D:4)
  An ice beast (D:5)
  A black bear (D:4)
  A phantom (D:5)
  2 bullfrogs (D:4)
  A scorpion (D:5)
  A killer bee (D:4)
  A howler monkey (D:4)
  5 hounds
  2 orc priests
  2 sleepcaps (D:5)
  Jessica (D:2)
  An iguana (D:5)
  An orc wizard (D:4)
  3 adders
  An ufetubus (D:5)
  2 worms
  2 dart slugs (D:2)
  9 orcs
  6 endoplasms
  5 giant cockroaches
  8 hobgoblins
  12 kobolds
  5 quokkas
  6 ball pythons
  6 bats
  7 goblins
  7 rats
102 creatures vanquished.

Vanquished Creatures (others)
  A black bear (D:5)
1 creature vanquished.

Grand Total: 103 creatures vanquished

Notes
Turn   | Place    | Note
-------+----------+-------------------------------------------
     0 | D:1      | Newt the Draconian Shapeshifter began the quest for the
                  | Orb.
     0 | D:1      | Reached XP level 1. HP: 16/16 MP: 1/1
   194 | D:1      | Reached XP level 2. HP: 23/23 MP: 2/2
   934 | D:2      | Reached XP level 3. HP: 27/28 MP: 3/3
   995 | D:2      | Reached skill level 4 in Shapeshifting
  1221 | D:2      | Noticed Jessica
  1229 | D:2      | Killed Jessica
  1230 | D:2      | Reached XP level 4. HP: 29/35 MP: 4/4
  1340 | D:2      | Identified the +4 quarterstaff "Jemiom" {vamp, rC- rN++
                  | rCorr Stlth+}
  1928 | D:3      | Found an ornate altar of the Wu Jian Council.
  2223 | D:3      | Reached skill level 5 in Shapeshifting
  2223 | D:3      | Reached XP level 5. HP: 39/41 MP: 5/5
  2244 | D:3      | Found a radiant altar of Vehumet.
  2538 | D:4      | Found a large runed translucent door.
  2538 | D:4      | Found a large runed translucent door.
  2542 | D:4      | Found a large runed translucent door.
  2551 | D:4      | Noticed a black bear
  2559 | D:4      | Noticed Sigmund
  2560 | D:4      | Found a large runed translucent door.
  2562 | D:4      | Found a hide-covered altar of Uskayaw.
  2567 | D:4      | Killed Sigmund
  2568 | D:4      | Reached XP level 6. HP: 37/53 MP: 4/6
  2573 | D:4      | Reached skill level 5 in Fighting
  2573 | D:4      | Reached skill level 1 in Staves
  2814 | D:4      | Your scales start taking on an icy white colour.
  2814 | D:4      | Reached XP level 7. HP: 61/61 MP: 7/7
  2814 | D:4      | Gained mutation: Your flesh is cold resistant. (rC+) [White
                  | Draconian growth]
  3088 | D:4      | Noticed a wyvern
  3093 | D:4      | Killed a wyvern
  3672 | D:5      | Entered Level 5 of the Dungeon
  3728 | D:5      | Noticed a vampire
  3743 | D:5      | Killed a vampire
  3744 | D:5      | Reached XP level 8. HP: 39/68 MP: 5/8
  3867 | D:5      | Reached skill level 6 in Shapeshifting
  4014 | D:5      | Reached skill level 1 in Maces & Flails
  4125 | D:5      | Found a staircase to the Ecumenical Temple.
  4220 | Temple   | Entered the Ecumenical Temple
  4237 | Temple   | Became a worshipper of the Shining One
  4245 | Temple   | Fell from the grace of the Shining One
  4245 | Temple   | Became a worshipper of Zin the Law-Giver
  4245 | Temple   | Reached * piety under Zin
  4284 | Temple   | Fell from the grace of Zin
  4284 | Temple   | Became a worshipper of Makhleb the Destroyer
  4385 | D:5      | Noticed an angel
  4388 | D:5      | HP: 3/68 [angel/+2 whip of holy wrath[the Shining One] (9)]
  4389 | D:5      | Demolished by an angel

Illustrated notes

Levels and vault maps discovered:
D:1:      dpeg_arrival_ratfight, layout_loops_ring
D:2:      layout_loops_cross, serial_forest, infiniplex_forest_straight_3,
          infiniplex_forest_corner_1, infiniplex_forest_clump_diagonal,
          infiniplex_forest_clump_large, infiniplex_forest_clump_double,
          infiniplex_forest_end_2, infiniplex_forest_corner_1,
          infiniplex_forest_lined_3_way, serial_bayou_crossing, uniq_jessica
D:3:      layout_rooms, vehumet_altar_wand_db, nicolae_wu_jian_wuxing_cycle,
          chequers_decorated_corner
D:4:      layout_gridville, mainiacjoe_overflow_brackets,
          minmay_hollow_rounded_squares, uniq_sigmund
D:5:      layout_rooms, lemuel_temple_firewalk_a, hangedman_decor_push
Temple:   nicolae_temple_bog_church

Skill      XL: |  1  2  3  4  5  6  7  8 |
---------------+-------------------------+-----
Shapeshifting  | 4 5 6 |  6.5
Fighting       | 2 4 5 |  5.0
Staves         | 3 4 |  4.0
Dodging        | 4 |  4.0
Maces & Flails | 2 |  2.4
Unarmed Combat | |  3.0

Action                     |  1- 3 |  4- 6 |  7- 9 || total
---------------------------+-------+-------+-------++-------
  Melee: Unarmed           |   111 |     1 |       ||   112
         Tailslap          |    12 |    34 |    13 ||    59
         Punch             |     1 |       |     1 ||     2
         Quarterstaff      |       |   163 |    89 ||   252
         Demon whip        |       |       |    38 ||    38
  Throw: Dart              |       |     5 |       ||     5
Ability: Breathe Frost     |       |       |     3 ||     3
  Evoke: Phial of floods   |       |       |     1 ||     1
    Use: Scroll            |     2 |     5 |     4 ||    11
         Potion            |       |       |     4 ||     4
   Stab: Sleeping          |     1 |     7 |     3 ||    11
         Invisible         |       |       |     3 ||     3
 Armour: Skin              |    40 |    20 |    22 ||    82
  Dodge: Dodged            |    69 |    49 |   106 ||   224
         Form:             |     1 |       |       ||     1

Table legend: (Time is in decaauts)
 A = Elapsed time spent in this place.
 B = Non-inter-level travel time spent in this place.
 C = Inter-level travel time spent in this place.
 D = Time resting spent in this place.
 E = Time spent auto-exploring this place.
 F = Levels seen in this place.
 G = Mean time per level.
                   A        B        C        D        E       F      G
               +--------+--------+--------+--------+--------+-----+--------+
         Total |   4457 |   4218 |    239 |    742 |   2452 |   6 |  742.8 |
       Dungeon |   4362 |   4167 |    195 |    742 |   2452 |   5 |  872.4 |
        Temple |     95 |     52 |     43 |      0 |      0 |   1 |   95.0 |
               +--------+--------+--------+--------+--------+-----+--------+

Top non-repeatable levels by time:
     D:4: 1143 daAuts
     D:2: 1111 daAuts
     D:1: 845 daAuts
     D:3: 634 daAuts
     D:5: 626 daAuts
  Temple: 95 daAuts
